 Dungeon Crawl Stone Soup version 0.23.2-1-ga50397a6bc (webtiles) character file.

Game seed: 5053377701523406664

3598 Kobolds4U the Cleaver (level 9, -1/85 HPs)
             Began as a Minotaur Berserker on Apr 27, 2019.
             Was a High Priest of Trog.
             Slain by a two-headed ogre
             ... wielding a +0 giant club
              (17 damage)
             ... on level 8 of the Dungeon.
             The game lasted 00:14:13 (6496 turns).

Kobolds4U the Cleaver (Minotaur Berserker)          Turns: 6496, Time: 00:14:14

Health: -1/85      AC: 16    Str: 22    XL:     9   Next: 85%
Magic:  8/8        EV: 22    Int:  6    God:    Trog [*****.]
Gold:   345        SH:  0    Dex: 11    Spells: 8/8 levels left

rFire    . . .     SeeInvis .   a - +0 hand axe
rCold    . . .     Gourm    .   (no shield)
rNeg     . . .     Faith    .   r - +0 plate armour
rPois    .         Spirit   .   (helmet restricted)
rElec    .         Reflect  .   i - +0 cloak
rCorr    .         Harm     .   f - +0 pair of gloves (curse)
MR       ++...                  (no boots)
Stlth    ..........             l - amulet of the acrobat
HPRegen  1.24/turn              (no ring)
MPRegen  0.11/turn              (no ring)

@: lethally poisoned (-1 -> -1), acrobat, regenerating
A: retaliatory headbutt, horns 2
a: Berserk, Trog's Hand, Brothers in Arms, Renounce Religion


You were on level 8 of the Dungeon.
You worshipped Trog.
Trog was extremely pleased with you.
You were hungry.

You visited 2 branches of the dungeon, and saw 9 of its levels.
You also visited: Ossuary.

You collected 345 gold pieces.

Inventory:

Hand Weapons
 a - a +0 hand axe (weapon)
 B - a +4 antimagic whip
Armour
 b - a +0 animal skin
 f - a cursed +0 pair of gloves (worn)
 g - a +0 pair of gloves of strength
 i - a +0 cloak (worn)
 r - a +0 plate armour (worn)
 y - the +2 buckler "Xinkem" {rElec rN+ Str+4 Int-3}
   (You found it on level 4 of the Dungeon)

   It affects your strength (+4).
   It affects your intelligence (-3).
   It insulates you from electricity.
   It protects you from negative energy.
Jewellery
 l - an amulet of the acrobat (around neck)
 t - a cursed ring of attention {unknown}
 w - an uncursed ring of protection from magic {unknown}
 x - a cursed -2 ring of slaying {unknown}
 z - a +2 ring of dexterity {unknown}
 D - an uncursed ring of see invisible {unknown}
Scrolls
 d - 4 scrolls of remove curse {unknown}
 e - a scroll of blinking {unknown}
 j - 5 scrolls of identify {unknown}
 k - 7 scrolls of teleportation {unknown}
 m - a scroll of random uselessness {unknown}
 o - 3 scrolls of enchant armour {unknown}
 q - a scroll of amnesia {unknown}
 A - a scroll of noise {unknown}
 C - 2 scrolls of fog {unknown}
 H - a scroll of enchant weapon {unknown}
Potions
 h - a potion of mutation {unknown}
 n - 3 potions of brilliance {unknown}
 p - 2 potions of degeneration {unknown}
 s - 7 potions of curing {unknown}
 u - a potion of lignification {unknown}
 v - a potion of heal wounds {unknown}
 E - 2 potions of magic {unknown}
 F - a potion of might {unknown}
 G - a potion of berserk rage {unknown}
 J - a potion of flight {unknown}
 K - a potion of ambrosia {unknown}
Comestibles
 c - 13 rations
 I - 7 chunks of flesh


   Skills:
 + Level 10.0 Fighting
 * Level 12.0 Axes
 + Level 8.3 Armour
 - Level 2.1 Dodging


You had 8 spell levels left.
You didn't know any spells.
Your spell library was empty.

Dungeon Overview and Level Annotations

Branches:
Dungeon (8/15)             Temple (1/1) D:4
   Lair: D:8-11

Altars:
Ashenzari
Cheibriados
Dithmenos
Elyvilon
Fedhas
Gozag
Hepliaklqana
Kikubaaqudgha
Makhleb
Nemelex Xobeh
Okawaru
Qazlal
Ru
Sif Muna
Trog
Uskayaw
Vehumet
Wu Jian
Xom
Yredelemnul
Zin
The Shining One


Innate Abilities, Weirdness & Mutations

You reflexively headbutt those who attack you in melee.
You have a pair of horns on your head.


Message History

The killer bee barely misses you. The killer bee completely misses you.
The killer bee closely misses you.
You feel sick. The killer bee barely misses you.
The killer bee completely misses you.
The killer bee stings you but does no damage.
The killer bee completely misses you. The two-headed ogre closely misses you.
The two-headed ogre misses you.
You feel sick. The killer bee misses you. You furiously retaliate!
You headbutt the killer bee. The killer bee barely misses you.
The killer bee barely misses you. The two-headed ogre barely misses you.
The two-headed ogre hits you with a +0 giant club!
* * * LOW HITPOINT WARNING * * *
The killer bee completely misses you.
You feel sick. The killer bee barely misses you.
The two-headed ogre hits you but does no damage.
The two-headed ogre closely misses you.
The killer bee stings you but does no damage.
The killer bee misses you.
The two-headed ogre hits you with a +0 giant club!
You die...

.....# ..#. .....#
#######... .....#
........## .....######
........# ..........#
.......### ......#####
........# ....⌠.######
#y.......
P≈.....#...######yy......
P≈P....'........@Oy.....>
.P..#.........######.....
...'##........### ....
..##_##.......... .#.
...###..#)####### ..
....#...#.######## .
..........).......
...........######.#
...#.......# ..


You could see a two-headed ogre and 4 killer bees.

Vanquished Creatures
  A hungry ghost (D:7)
  2 black bears
  2 ice beasts (D:6)
  3 eyes of draining (D:4)
  A sky beast (D:6)
  2 ogres (D:6)
  3 elf zombies (Ossuary)
  2 bullfrogs
  An elf skeleton (D:7)
  2 scorpions
  10 killer bees (D:8)
  2 howler monkeys (D:6)
  3 crimson imps
  A centaur zombie (D:8)
  A human zombie (Ossuary)
  4 orc priests
  2 bullfrog skeletons
  3 hounds
  2 jellies
  3 orc wizards
  A centaur skeleton (D:6)
  2 human skeletons (D:7)
  An iron imp (D:4)
  Jessica (D:2)
  An iguana (D:6)
  4 worker ants
  A big kobold zombie (Ossuary)
  A hound skeleton (D:6)
  2 mummies (Ossuary)
  A worker ant zombie (D:6)
  4 gnolls
  18 adders
  A shadow imp (D:5)
  An ooze (D:4)
  2 adder zombies (Ossuary)
  2 worms
  2 dart slugs (D:1)
  4 leopard geckos
  16 orcs
  4 bats (D:2)
  10 giant cockroaches
  7 goblins
  7 hobgoblins
  7 jackals
  3 quokkas
  10 frilled lizards
  A goblin zombie (Ossuary)
  7 hobgoblin zombies (Ossuary)
  A jackal zombie (Ossuary)
  6 kobolds
  11 kobold zombies (Ossuary)
  2 orc skeletons (D:7)
  11 orc zombies
  10 rats
212 creatures vanquished.

Vanquished Creatures (collateral kills)
  Joseph (D:8)
  A gnoll sergeant (D:8)
  A killer bee (D:8)
  A killer bee zombie (D:8)
  2 gnolls (D:8)
  A shadow imp (D:8)
7 creatures vanquished.

Grand Total: 219 creatures vanquished

Notes
Turn   | Place    | Note
-------+----------+-------------------------------------------
     0 | D:1      | Kobolds4U the Minotaur Berserker began the quest for the
                  | Orb.
     0 | D:1      | Reached XP level 1. HP: 19/19 MP: 0/0
    54 | D:1      | Reached skill level 4 in Axes
   289 | D:1      | Reached XP level 2. HP: 26/26 MP: 1/1
  1014 | D:1      | Reached skill level 5 in Axes
  1073 | D:1      | Reached XP level 3. HP: 28/31 MP: 2/2
  1347 | D:2      | Reached ** piety under Trog
  1347 | D:2      | Reached skill level 6 in Axes
  1347 | D:2      | Reached XP level 4. HP: 38/39 MP: 3/3
  1860 | D:2      | Reached XP level 5. HP: 46/46 MP: 4/4
  1943 | D:3      | Noticed Jessica
  1953 | D:2      | Killed Jessica
  1958 | D:2      | Reached skill level 7 in Axes
  2315 | D:3      | Reached XP level 6. HP: 37/53 MP: 5/5
  2576 | D:3      | Reached skill level 5 in Fighting
  2667 | D:3      | Found a radiant altar of Vehumet.
  3103 | D:4      | Found an ornate altar of the Wu Jian Council.
  3103 | D:4      | Found a shimmering altar of Xom.
  3103 | D:4      | Found a hide-covered altar of Uskayaw.
  3103 | D:4      | Found a bloodstained altar of Trog.
  3123 | D:4      | Reached *** piety under Trog
  3301 | D:4      | Found an opulent altar of Gozag.
  3335 | D:4      | Found a staircase to the Ecumenical Temple.
  3341 | Temple   | Entered the Ecumenical Temple
  3449 | D:4      | Found a sparkling altar of Nemelex Xobeh.
  3498 | D:4      | Found a burning altar of Makhleb.
  3508 | D:4      | Got a slimy buckler
  3514 | D:4      | Identified the +2 buckler "Xinkem" {rElec rN+ Str+4 Int-3}
                  | (You found it on level 4 of the Dungeon)
  3702 | D:4      | Found a bloodstained altar of Trog.
  3711 | D:4      | Reached XP level 7. HP: 61/61 MP: 0/6
  3713 | D:4      | Reached skill level 8 in Axes
  3829 | D:5      | Entered Level 5 of the Dungeon
  4372 | D:5      | Found a sacrificial altar of Ru.
  4547 | D:6      | Reached skill level 5 in Armour
  4604 | D:6      | Found a shadowy altar of Dithmenos.
  4619 | D:6      | Reached XP level 8. HP: 71/71 MP: 7/7
  4677 | D:6      | Reached skill level 9 in Axes
  5376 | D:7      | Reached skill level 10 in Axes
  5480 | D:7      | Reached XP level 9. HP: 75/82 MP: 8/8
  5483 | D:7      | Found a sand-covered staircase.
  5570 | Ossuary  | Entered an ossuary
  5577 | Ossuary  | Reached **** piety under Trog
  6172 | D:8      | Noticed Joseph
  6181 | D:8      | Killed Joseph
  6181 | D:8      | Reached skill level 11 in Axes
  6240 | D:8      | Found a snail-covered altar of Cheibriados.
  6292 | D:8      | Reached ***** piety under Trog
  6378 | D:8      | Found a glowing golden altar of the Shining One.
  6468 | D:8      | Noticed a two-headed ogre
  6486 | D:8      | Reached skill level 10 in Fighting
  6489 | D:8      | Reached skill level 12 in Axes
  6489 | D:8      | Noticed a queen bee
  6496 | D:8      | Slain by a two-headed ogre

Skill      XL: |  1  2  3  4  5  6  7  8  9 |
---------------+----------------------------+-----
Axes           | 4 5 6 7 8 10 12 | 12.0
Fighting       | 4 5 6 8 10 | 10.0
Armour         | 3 4 5 7 8 |  8.3
Dodging        | |  2.1

Action                   |  1- 3 |  4- 6 |  7- 9 || total
-------------------------+-------+-------+-------++-------
Melee: Hand axe          |    79 |   148 |   401 ||   628
       Headbutt          |     7 |    16 |    90 ||   113
Invok: Trog's Hand       |       |     2 |     3 ||     5
       Berserk           |       |     2 |     1 ||     3
       Brothers in Arms  |       |       |     1 ||     1
 Stab: Sleeping          |     1 |       |       ||     1
  Eat: Chunk             |     1 |     9 |    10 ||    20
       Ration            |       |       |     1 ||     1
Armor: Animal skin       |    14 |    13 |       ||    27
       Plate armour      |       |    51 |   280 ||   331
Dodge: Dodged            |    52 |   105 |   220 ||   377
